ESL (28 & UNDER)
MT PLEASANT BEARCATS @ PENQUANNOCK OVERRATED JETER
05/14/2027
 
TOP OF THE 1ST
Mt Pleasant Bearcats batting - Pitching for Penquannock Overrated Jeter : RHP David Padilla
Pitching: RHP David Padilla
Batting: RHB Carlos López 0-0: Ball
1-0: Ball
2-0: Called Strike
2-1: Ball
3-1: Foul Ball, location: 2F
3-2: Foul Ball, location: 2F
3-2: Fly out, F6 (Line Drive, 6MD)
Batting: RHB Irving Galloway 0-0: Ball
1-0: Called Strike
1-1: Ball
2-1: Ground out 6-3 (Groundball, 6)
Batting: RHB Casey Fox 0-0: Ball
1-0: Ball
2-0: Fly out, F8 (Line Drive, 8RS)
Top of the 1st over - 0 run(s), 0 hit(s), 0 error(s), 0 left on base; Mt Pleasant 0 - Penquannock 0
BOTTOM OF THE 1ST
Penquannock Overrated Jeter batting - Pitching for Mt Pleasant Bearcats : LHP Rob Price
Pitching: LHP Rob Price
Batting: SHB Bob Noble 0-0: Called Strike
0-1: Ball
1-1: Ball
2-1: Ball
3-1: Swinging Strike
3-2: Foul Ball, location: 2F
3-2: Ground out 5-3 (Groundball, 56S)
Batting: RHB Doug Brown 0-0: SOLO HOME RUN (Flyball, 7LD), Distance : 336 ft
Batting: RHB Armando Pagán 0-0: Foul Ball, location: 2F
0-1: Foul Ball, location: 2F
0-2: Ball
1-2: Ball
2-2: Ball
3-2: Fly out, F4 (Popup, 34D)
Batting: SHB Tim Reid 0-0: Called Strike
0-1: Called Strike
0-2: Ball
1-2: Fly out, F8 (Flyball, 8RD)
Bottom of the 1st over - 1 run(s), 1 hit(s), 0 error(s), 0 left on base; Mt Pleasant 0 - Penquannock 1
TOP OF THE 2ND
Mt Pleasant Bearcats batting - Pitching for Penquannock Overrated Jeter : RHP David Padilla
Batting: RHB Pat Fernández 0-0: Called Strike
0-1: Ball
1-1: Foul Ball, location: 2F
1-2: Fly out, F3 (Popup, 3D)
Batting: RHB Patrick Potts 0-0: Ball
1-0: Called Strike
1-1: SOLO HOME RUN (Flyball, 78XD), Distance : 407 ft
Batting: RHB Ramiro Chávez 0-0: Called Strike
0-1: Called Strike
0-2: Strikes out swinging
Pitching: RHP Joaquín Rojas
Batting: RHB Ricardo Salazar 0-0: Fly out, F8 (Flyball, 78M)
Top of the 2nd over - 1 run(s), 1 hit(s), 0 error(s), 0 left on base; Mt Pleasant 1 - Penquannock 1
BOTTOM OF THE 2ND
Penquannock Overrated Jeter batting - Pitching for Mt Pleasant Bearcats : LHP Rob Price
Batting: LHB Tony Green 0-0: Ball
1-0: Ball
2-0: Fly out, F7 (Flyball, 7)
Batting: RHB Manny Perea 0-0: Foul Ball, location: 2F
0-1: Ball
1-1: Ball
2-1: Foul Ball, location: 2F
2-2: Ball
3-2: Strikes out looking
Batting: LHB Matt Reese 0-0: Ball
1-0: Called Strike
1-1: Foul Ball, location: 2F
1-2: Ball
2-2: Foul Ball, location: 2F
2-2: Strikes out looking
Bottom of the 2nd over - 0 run(s), 0 hit(s), 0 error(s), 0 left on base; Mt Pleasant 1 - Penquannock 1
TOP OF THE 3RD
Mt Pleasant Bearcats batting - Pitching for Penquannock Overrated Jeter : RHP Joaquín Rojas
Batting: SHB Roberto Rivera 0-0: Called Strike
0-1: Called Strike
0-2: Ball
1-2: Ball
2-2: Foul Ball, location: 2F
2-2: Foul Ball, location: 2F
2-2: SOLO HOME RUN (Flyball, 8RXD), Distance : 436 ft
Batting: RHB Carlos Luna 0-0: Called Strike
0-1: Ground out 4-3 (Groundball, 4)
Batting: RHB Carlos López 0-0: Ground out 3-1 (Groundball, 34S)
Batting: RHB Irving Galloway 0-0: Ball
1-0: Ball
2-0: Ball
3-0: Called Strike
3-1: Foul Ball, location: 2F
3-2: Foul Ball, location: 2F
3-2: Base on Balls
Batting: RHB Casey Fox 0-0: Ball
Throwing error on steal attempt, E2
Irving Galloway to third
1-0: Swinging Strike
1-1: Called Strike
1-2: Ball
2-2: Ball
3-2: Base on Balls
Batting: RHB Pat Fernández 0-0: Ball
1-0: Ball
2-0: Called Strike
2-1: Ball
3-1: Fly out, F9 (Flyball, 9S)
Top of the 3rd over - 1 run(s), 1 hit(s), 1 error(s), 2 left on base; Mt Pleasant 2 - Penquannock 1
BOTTOM OF THE 3RD
Penquannock Overrated Jeter batting - Pitching for Mt Pleasant Bearcats : LHP Rob Price
Batting: RHB Barton Frazier 0-0: Ball
1-0: Ground out 6-3 (Groundball, 56)
Batting: LHB Pete Weber 0-0: Ball
1-0: Ball
2-0: Bunt for hit - play at first, batter safe!
Batting: SHB Bob Noble 0-0: Ball
1-0: SINGLE (Groundball, 5D)
Pete Weber to second
Batting: RHB Doug Brown 0-0: Ball
1-0: Ball
2-0: Ball
3-0: Base on Balls
Pete Weber to third
Bob Noble to second
Batting: RHB Armando Pagán 0-0: GRAND SLAM HOME RUN (Flyball, 78XD), Distance : 397 ft
Batting: SHB Tim Reid 0-0: Ball
1-0: Called Strike
1-1: Foul Ball, location: 2F
1-2: Ball
2-2: SINGLE (Groundball, P) (infield hit)
Batting: LHB Tony Green 0-0: Foul Ball, location: 2F
0-1: Foul Ball, location: 2F
0-2: Ball
1-2: Ball
2-2: Ball
3-2: Fly out, F6 (Popup, 6MS)
Batting: RHB Manny Perea 0-0: Called Strike
0-1: Hit by Pitch
Tim Reid to second
Batting: LHB Matt Reese 0-0: Ball
1-0: Foul Ball, location: 2F
1-1: Ball
2-1: Fielders Choice at 2nd, 6-4 (Groundball, 6)
Bottom of the 3rd over - 4 run(s), 4 hit(s), 0 error(s), 1 left on base; Mt Pleasant 2 - Penquannock 5
TOP OF THE 4TH
Mt Pleasant Bearcats batting - Pitching for Penquannock Overrated Jeter : RHP Joaquín Rojas
Batting: RHB Patrick Potts 0-0: Fly out, F5 (Line Drive, 56)
Batting: RHB Ramiro Chávez 0-0: Ball
1-0: Called Strike
1-1: Foul Ball, location: 2F
1-2: Ball
2-2: Ground out 6-3 (Groundball, 6)
Batting: RHB Ricardo Salazar 0-0: Called Strike
0-1: Foul Ball, location: 2F
0-2: Ball
1-2: Ball
2-2: Foul Ball, location: 2F
2-2: Foul Ball, location: 2F
2-2: Strikes out swinging
Top of the 4th over - 0 run(s), 0 hit(s), 0 error(s), 0 left on base; Mt Pleasant 2 - Penquannock 5
BOTTOM OF THE 4TH
Penquannock Overrated Jeter batting - Pitching for Mt Pleasant Bearcats : LHP Rob Price
Batting: RHB Barton Frazier 0-0: Ball
1-0: Called Strike
1-1: Ball
2-1: Ball
3-1: Fly out, F9 (Flyball, 9)
Batting: LHB Pete Weber 0-0: Ball
1-0: Fly out, F9 (Flyball, 9S)
Batting: SHB Bob Noble 0-0: Ball
1-0: Swinging Strike
1-1: Ground out 6-3 (Groundball, 6)
Bottom of the 4th over - 0 run(s), 0 hit(s), 0 error(s), 0 left on base; Mt Pleasant 2 - Penquannock 5
TOP OF THE 5TH
Mt Pleasant Bearcats batting - Pitching for Penquannock Overrated Jeter : RHP Joaquín Rojas
Batting: SHB Roberto Rivera 0-0: Ball
1-0: Fly out, F3 (Line Drive, 3S)
Batting: RHB Carlos Luna 0-0: Ball
1-0: Fly out, F9 (Flyball, 9)
Batting: RHB Carlos López 0-0: Foul Ball, location: 2F
0-1: Ball
1-1: Ground out 6-3 (Groundball, 6)
Top of the 5th over - 0 run(s), 0 hit(s), 0 error(s), 0 left on base; Mt Pleasant 2 - Penquannock 5
BOTTOM OF THE 5TH
Penquannock Overrated Jeter batting - Pitching for Mt Pleasant Bearcats : LHP Rob Price
Batting: RHB Doug Brown 0-0: Ball
1-0: Fly out, F7 (Flyball, 7LS)
Batting: RHB Armando Pagán 0-0: Called Strike
0-1: Foul Ball, location: 2F
0-2: Fly out, F7 (Line Drive, 78M)
Batting: SHB Tim Reid 0-0: Called Strike
0-1: Ball
1-1: Ball
2-1: Swinging Strike
2-2: Ground out 4-3 (Groundball, 4)
Bottom of the 5th over - 0 run(s), 0 hit(s), 0 error(s), 0 left on base; Mt Pleasant 2 - Penquannock 5
TOP OF THE 6TH
Mt Pleasant Bearcats batting - Pitching for Penquannock Overrated Jeter : RHP Joaquín Rojas
Pitching: RHP Toshikuni Nishimura
Batting: RHB Irving Galloway 0-0: Ball
1-0: Foul Ball, location: 2F
1-1: Foul Ball, location: 2F
1-2: Ball
2-2: Fly out, F8 (Flyball, 8LM)
Batting: RHB Casey Fox 0-0: Called Strike
0-1: Ball
1-1: Foul Ball, location: 2F
1-2: Ground out 4-3 (Groundball, 4S)
Batting: RHB Pat Fernández 0-0: Ball
1-0: Fly out, F8 (Flyball, 89M)
Top of the 6th over - 0 run(s), 0 hit(s), 0 error(s), 0 left on base; Mt Pleasant 2 - Penquannock 5
BOTTOM OF THE 6TH
Penquannock Overrated Jeter batting - Pitching for Mt Pleasant Bearcats : LHP Rob Price
Batting: LHB Tony Green 0-0: Called Strike
0-1: Ball
1-1: Foul Ball, location: 2F
1-2: Fly out, F9 (Flyball, 9)
Batting: RHB Manny Perea 0-0: Ball
1-0: Ball
2-0: Ball
3-0: Base on Balls
Batting: LHB Matt Reese 0-0: Ball
1-0: Ball
2-0: Ball
3-0: Called Strike
3-1: Base on Balls
Manny Perea to second
Pitching: LHP Bob Quested
Batting: RHB Barton Frazier 0-0: Called Strike
0-1: Swinging Strike
0-2: Ball
1-2: SINGLE (Groundball, 6D)
Manny Perea to third
Matt Reese to second
Batting: LHB Pete Weber 0-0: Ball
1-0: Ball
2-0: Swinging Strike
2-1: Ball
3-1: Called Strike
3-2: Fly out, F6 (Line Drive, 56)
Batting: SHB Bob Noble 0-0: Called Strike
0-1: Ball
1-1: SINGLE (Groundball, 56D)
Manny Perea scores
Matt Reese to third
Barton Frazier to second
Runner from 3rd tries for Home, SAFE, throw made at trailing runner, SAFE at third!
Batting: RHB Doug Brown 0-0: SINGLE (Line Drive, 6MD)
Barton Frazier scores
Bob Noble to second
Batting: RHB Armando Pagán 0-0: Ball
1-0: Ball
2-0: SINGLE (Groundball, 3D)
Bob Noble to third
Doug Brown to second
Runner from 3rd tries for Home, SAFE, throw made at trailing runner, OUT at third!
Bottom of the 6th over - 4 run(s), 4 hit(s), 0 error(s), 1 left on base; Mt Pleasant 2 - Penquannock 9
TOP OF THE 7TH
Mt Pleasant Bearcats batting - Pitching for Penquannock Overrated Jeter : RHP Toshikuni Nishimura
Batting: RHB Patrick Potts 0-0: Called Strike
0-1: Foul Ball, location: 2F
0-2: Strikes out swinging
Batting: RHB Ramiro Chávez 0-0: Called Strike
0-1: Ball
1-1: Ball
2-1: Called Strike
2-2: Strikes out swinging
Batting: RHB Ricardo Salazar 0-0: Called Strike
0-1: Foul Ball, location: 2F
0-2: Strikes out swinging
Top of the 7th over - 0 run(s), 0 hit(s), 0 error(s), 0 left on base; Mt Pleasant 2 - Penquannock 9
BOTTOM OF THE 7TH
Penquannock Overrated Jeter batting - Pitching for Mt Pleasant Bearcats : LHP Bob Quested
Batting: SHB Tim Reid 0-0: SINGLE (Groundball, 13S) (infield hit)
Batting: LHB Tony Green 0-0: Called Strike
0-1: Swinging Strike
0-2: Ball
1-2: Ball
2-2: Ball
3-2: Grounds into double play, 6-4-3 (Groundball, 6)
Batting: RHB Manny Perea 0-0: Foul Ball, location: 2F
0-1: Ground out 5-3 (Groundball, 56)
Bottom of the 7th over - 0 run(s), 1 hit(s), 0 error(s), 0 left on base; Mt Pleasant 2 - Penquannock 9
TOP OF THE 8TH
Mt Pleasant Bearcats batting - Pitching for Penquannock Overrated Jeter : RHP Toshikuni Nishimura
Batting: SHB Roberto Rivera 0-0: Ball
1-0: Ball
2-0: Foul Ball, location: 2F
2-1: Ball
3-1: Base on Balls
Batting: RHB Carlos Luna 0-0: Called Strike
0-1: Ball
1-1: Swinging Strike
1-2: Fly out, F8 (Flyball, 8LD)
Batting: RHB Carlos López 0-0: Ball
1-0: Ball
2-0: Fielders Choice at 2nd, 1-6 (Groundball, 13S)
Batting: RHB Irving Galloway 0-0: Ball
Wild Pitch!
Carlos López to second
1-0: Ball
2-0: Ball
3-0: Called Strike
3-1: Foul Ball, location: 2F
3-2: Base on Balls
Batting: RHB Casey Fox 0-0: Fielders Choice at 2nd, 4-6 (Groundball, 4)
Top of the 8th over - 0 run(s), 0 hit(s), 0 error(s), 1 left on base; Mt Pleasant 2 - Penquannock 9
BOTTOM OF THE 8TH
Penquannock Overrated Jeter batting - Pitching for Mt Pleasant Bearcats : LHP Bob Quested
Batting: LHB Matt Reese 0-0: Foul Ball, location: 2F
0-1: Ball
1-1: Foul Ball, location: 2F
1-2: Ground out 4-3 (Groundball, 34)
Batting: RHB Barton Frazier 0-0: Ball
1-0: Foul Ball, location: 2F
1-1: Foul Ball, location: 2F
1-2: Fly out, F8 (Flyball, 8LM)
Batting: LHB Pete Weber 0-0: Ball
1-0: SINGLE (Line Drive, 89S)
Batting: SHB Bob Noble 0-0: Ball
1-0: Ball
2-0: Foul Ball, location: 2F
2-1: Ground out 6-3 (Groundball, 56)
Bottom of the 8th over - 0 run(s), 1 hit(s), 0 error(s), 1 left on base; Mt Pleasant 2 - Penquannock 9
TOP OF THE 9TH
Mt Pleasant Bearcats batting - Pitching for Penquannock Overrated Jeter : RHP Toshikuni Nishimura
Batting: RHB Pat Fernández 0-0: Ball
1-0: Called Strike
1-1: Ball
2-1: Called Strike
2-2: SOLO HOME RUN (Flyball, 7D), Distance : 365 ft
Batting: RHB Patrick Potts 0-0: SINGLE (Line Drive, 89M)
Batting: RHB Ramiro Chávez 0-0: Ball
1-0: Ball
2-0: Called Strike
2-1: Ball
3-1: Base on Balls
Patrick Potts to second
Pitching: LHP Jason Simpson
Batting: RHB Ricardo Salazar 0-0: Ball
1-0: Ball
2-0: Called Strike
2-1: Foul Ball, location: 2F
2-2: Foul Ball, location: 2F
2-2: Strikes out swinging
Batting: SHB Roberto Rivera 0-0: Called Strike
0-1: Called Strike
0-2: Foul Ball, location: 2F
0-2: Ball
1-2: Strikes out looking
Batting: RHB Carlos Luna 0-0: Called Strike
0-1: Foul Ball, location: 2F
0-2: Ground out 5-3 (Groundball, 56S)
Top of the 9th over - 1 run(s), 2 hit(s), 0 error(s), 2 left on base; Mt Pleasant 3 - Penquannock 9
Thursday, March 30th, 2017 - OOTP Baseball 17.12 Build 75